AoeStats
← GUSTAVO-nardes

Black Forest

510104230Analyzed
3v3 RM · 1d ago on Sep 29, 2026· 55m 57s· 6 players
Game mode
Random Map
Map size
Normal (6 player)
Population
200
Speed
Normal
Resources
Standard
Victory
Conquest
Starting age
Dark Age
Ending age
Imperial Age
RankedLock teamsTeams togetherTeam positionsShared explorationLock speedFull tech treeHidden civsTurbo modeCheats
Victory
Defeat
🇧🇷 Saxons · Brazil
637
+14
🇮🇹 Bulgarians · Italy
575
+16
🇦🇷 Khmer · Argentina
543
+18
🇫🇷 Vietnamese · France
599
-17
🇵🇹 Franks · Portugal
582
-16
🇬🇧 Wu · United Kingdom
566
-15
_Ainrad75
11:09 Feudal Age
12:27 Wheelbarrow
11:36 Horse Collar
11:46 Double-Bit Axe
12:10 Gold Mining
12:13 Stone Mining
16:32 Town Watch
16:33 Loom
19:41 Castle Age
17:55 Padded Archer Armor
17:46 Fletching
19:10 Scale Barding Armor
20:51 Hand Cart
20:40 Heavy Plow
20:56 Bow Saw
21:40 Leather Archer Armor
21:21 Bodkin Arrow
22:14 Stone Shaft Mining
22:25 Forging
27:16 Chain Barding Armor
26:21 Elite Skirmisher
29:00 Iron Casting
31:10 Town Patrol
34:48 Imperial Age
32:24 Scale Mail Armor
31:49 Pikeman
32:30 Squires
32:16 Arson
32:41 Thumb Ring
34:15 Chatras
34:30 Caravan
35:53 Bloodlines
35:46 Husbandry
36:28 Plate Barding Armor
36:23 Ring Archer Armor
36:35 Paper Money
36:26 Bracer
37:08 Elite Battle Elephant
37:45 Imperial Skirmisher
38:11 Crossbowman
40:46 Two-Man Saw
39:28 Arbalester
41:13 Chemistry
40:33 Ballistics
44:35 Imperial Skirmisher
KnightsTemplar
12:26 Feudal Age
13:45 Double-Bit Axe
13:42 Horse Collar
13:57 Loom
19:43 Castle Age
18:19 Fletching
19:15 Gold Mining
21:34 Stone Mining
22:10 Forging
23:02 Crossbowman
23:04 Elite Skirmisher
26:58 Heavy Plow
29:17 Wheelbarrow
29:12 Padded Archer Armor
29:32 Treadmill Crane
29:50 Murder Holes
30:44 Bow Saw
32:41 Ballistics
32:12 Heated Shot
33:03 Hand Cart
36:05 Red Cliffs Tactics
39:12 Imperial Age
37:39 Bodkin Arrow
38:20 Iron Casting
37:47 Scale Mail Armor
38:04 Leather Archer Armor
38:04 Masonry
38:42 Town Watch
40:07 Caravan
42:09 Architecture
41:32 Arson
41:48 Squires
41:11 Man-at-Arms
43:10 Conscription
45:03 Sitting Tiger
45:03 Elite Fire Archer
52:16 Arbalester
parkzam
7:54 Loom
11:52 Feudal Age
16:16 Double-Bit Axe
16:40 Gold Mining
22:19 Castle Age
21:26 Scale Barding Armor
21:31 Forging
25:40 Gold Shaft Mining
25:17 Bow Saw
25:32 Stone Mining
27:19 Scale Barding Armor
28:18 Husbandry
32:31 Forging
38:02 Imperial Age
36:54 Chain Barding Armor
38:06 Iron Casting
37:23 Town Watch
38:14 Wheelbarrow
38:11 Cavalier
40:00 Conscription
39:41 Chivalry
40:39 Town Patrol
41:31 Paladin
45:20 Blast Furnace
44:56 Plate Barding Armor
45:38 Hand Cart
GUSTAVO-nardes
0:28 Loom
13:23 Feudal Age
14:14 Double-Bit Axe
16:30 Horse Collar
21:58 Castle Age
21:23 Forging
21:14 Padded Archer Armor
21:16 Scale Mail Armor
21:22 Scale Barding Armor
23:55 Bow Saw
24:28 Wheelbarrow
24:32 Heavy Plow
24:49 Fletching
26:29 Chain Mail Armor
28:04 Gambesons
28:20 Squires
28:07 Arson
35:06 Imperial Age
42:21 Elite Varangian Guard
53:52 Bloodlines
53:42 Husbandry
53:06 Light Cavalry
53:14 Light Cavalry
54:54 Hussar
Georgina
0:27 Loom
13:22 Feudal Age
14:34 Horse Collar
14:42 Double-Bit Axe
15:34 Wheelbarrow
16:36 Gold Mining
16:37 Stone Mining
24:02 Castle Age
24:55 Heavy Plow
25:07 Bow Saw
25:16 Hand Cart
24:47 Town Watch
25:35 Scale Barding Armor
25:31 Scale Mail Armor
25:41 Forging
27:08 Gold Shaft Mining
27:11 Stone Shaft Mining
29:08 Coinage
28:38 Caravan
30:28 Town Patrol
31:08 Murder Holes
31:54 Iron Casting
31:34 Chain Mail Armor
31:40 Chain Barding Armor
34:51 Imperial Age
36:34 Crop Rotation
37:28 Conscription
38:04 Stirrups
38:18 Gambesons
40:07 Elite Konnik
43:22 Blast Furnace
42:52 Plate Mail Armor
Chafalote
0:44 Loom
12:53 Feudal Age
16:33 Horse Collar
16:46 Double-Bit Axe
21:44 Stone Mining
22:44 Wheelbarrow
27:14 Castle Age
25:48 Gold Mining
28:46 Heavy Plow
29:11 Bow Saw
30:08 Caravan
31:43 Forging
31:39 Scale Barding Armor
39:43 Imperial Age
37:41 Scale Mail Armor
38:06 Husbandry
37:56 Pikeman
37:56 Man-at-Arms
38:55 Elite Skirmisher
38:57 Crossbowman
40:02 Hand Cart
40:32 Ballistics
40:24 Fortified Wall
41:19 Crop Rotation
41:41 Padded Archer Armor
42:20 Iron Casting
42:36 Conscription
42:30 Long Swordsman
44:22 Chain Mail Armor
44:38 Halberdier
46:47 Chemistry
46:14 Cavalier
48:19 Fletching
48:46 Leather Archer Armor
52:23 Stone Shaft Mining
52:24 Gold Shaft Mining
52:11 Tusk Swords
53:40 Chain Barding Armor
54:23 Blast Furnace
55:50 Bodkin Arrow
56:26 Ring Archer Armor
56:32 Plate Barding Armor
Connection lost

Rejoining the realm…

Still unreachable

The connection could not be restored.

Session expired

The server has moved on; the page needs a fresh start.